 Dungeon Crawl Stone Soup version 0.31-a0-232-gb1c03b2570 (webtiles) character file.

Game seed: 11018869584973161135

18998 KimchiStew the Warrior (level 12, -6/207 HPs)
             Began as an Ogre Fighter on July 7, 2023.
             Was an Elder of Hepliaklqana.
             Mangled by a reaper
             ... wielding a +2 scythe of freezing
              (32 damage)
             ... in an ice cave.
             The game lasted 00:20:42 (12662 turns).

KimchiStew the Warrior (Ogre Fighter)              Turns: 12662, Time: 00:20:43

Health: -6/207     AC: 26    Str: 25    XL:     12   Next: 64%
Magic:  14/14      EV:  1    Int: 17    God:    Hepliaklqana [****..]
Gold:   726        SH: 10    Dex:  8    Spells: 11/11 levels left

rFire   . . .        q - +2 flail
rCold   + . .        c - +0 kite shield
rNeg    . . .        G - melded +0 troll leather armour
rPois   +            (helmet currently unavailable)
rElec   .            L - melded +0 cloak
rCorr   .            (gloves unavailable)
SInv    .            (boots unavailable)
Will    +....        b - amulet of regeneration
Stlth   +            e - +6 ring of intelligence
HPRegen 1.34/turn    x - ring of protection from cold
MPRegen 0.14/turn

%: no passive effects
@: tree-form
A: stationary, stasis, torment immunity, boosted hp, reduced essence, large,
unfitting armour, (tough skin 1)
a: Renounce Religion, Recall Ancestor, Ancestor Identity, Transference, Idealise


You were in an ice cave.
You worshipped Hepliaklqana.
Hepliaklqana was greatly pleased with you.
You were a tree.
You visited 1 branch of the dungeon, and saw 13 of its levels.
You also visited: Ice Cave.

You collected 785 gold pieces.
You spent 59 gold pieces at shops.

Inventory:

Hand Weapons
 h - a +2 whip of flaming
 l - a +0 heavy morningstar
 q - a +2 flail (weapon)
Missiles
 k - 28 poisoned darts (quivered)
 m - 15 javelins
 p - 2 throwing nets
 I - 3 curare-tipped darts
Armour
 c - a +0 kite shield (worn)
 G - a +0 troll leather armour (melded)
 L - a +0 cloak (melded)
Magical Staves
 y - a staff of fire
Jewellery
 b - an amulet of regeneration (around neck)
 e - a +6 ring of intelligence (left branch)
 x - a ring of protection from cold (right branch)
 C - a ring of wizardry
 D - an amulet of faith
 E - a ring of positive energy
Wands
 a - a wand of acid (5)
 g - a wand of flame (24)
 n - a wand of charming (4)
 w - a wand of digging (5)
Scrolls
 r - 4 scrolls of enchant weapon
 z - 2 scrolls of torment
 F - a scroll of teleportation
 K - a scroll of enchant armour
Potions
 d - a potion of lignification
 f - a potion of attraction
 j - 2 potions of cancellation
 o - 9 potions of ambrosia
 s - 3 potions of mutation
 t - 4 potions of brilliance
 v - a potion of enlightenment {unknown}
 A - a potion of berserk rage {unknown}
 B - a potion of haste {unknown}


   Skills:
 - Level 19.0 Fighting
 - Level 2.0 Short Blades
 + Level 8.7 Maces & Flails
 - Level 4.0 Polearms
 - Level 2.6 Dodging
 * Level 10.0 Shields
 + Level 2.8 Invocations


You had 11 spell levels left.
You didn't know any spells.
Your spell library contained the following spells:

 Spells                   Type           Power      Damage    Failure   Level
 Apportation              Tloc           0%         N/A       36%         1
 Beastly Appendage        Tmut           0%         N/A       36%         1
 Necrotise                Necr           0%         1d4       36%         1
 Shock                    Conj/Air       0%         1d3       36%         1
 Ensorcelled Hibernation  Hex/Ice        0%         N/A       52%         2
 Wereblood                Tmut           0%         N/A       52%         2
 Spider Form              Tmut/Pois      0%         N/A       75%         3
 Stone Arrow              Conj/Erth      0%         3d7       75%         3
 Swiftness                Air            0%         N/A       75%         3
 Vampiric Draining        Necr           0%         2d6       75%         3
 Airstrike                Air            0%         2d(0-16)  98%         4
 Anguish                  Hex/Necr       0%         N/A       98%         4
 Animate Armour           Summ/Erth      0%         N/A       98%         4
 Agony                    Necr           0%         N/A       100%        5
 Alistair's Intoxication  Tmut/Pois      0%         N/A       100%        5
 Lehudib's Crystal Spear  Conj/Erth      0%         10d2      100%        8


Dungeon Overview and Level Annotations

Branches:
Dungeon (13/15)            Temple (0/1) D:6            Lair (0/5) D:11
    Orc (0/2) D:9           IceCv (1/1)
 Vaults: D:13-14

Altars:
Ashenzari
Fedhas
Gozag
Hepliaklqana
Kikubaaqudgha
The Shining One

Shops:
D:11 !   D:13 (

Annotations:
D:3 1 runed translucent door, Dirtsage's ghost, amateur DsMo
D:10 4 runed translucent doors
D:11 3 runed translucent doors, Wavotuych's ghost, journeyman NaEE
D:12 1 runed translucent door


Innate Abilities, Weirdness & Mutations

You are a tree.
Your roots penetrate the ground, keeping you stationary.
You cannot be teleported.
You are immune to unholy pain and torment.
Your maximum health is greatly increased.
Your equipment is partially melded.
Your life essence is reduced to manifest your ancestor. (-10% HP)
You are too large for most types of armour.
((You have tough skin. (AC +1)))


Message History

The reaper hits you with a +2 scythe of freezing!!
The reaper freezes you.
Ahmose hits the reaper but does no damage.
You take 22 damage, and have 79/207 hp.
You hit the reaper.
The reaper is moderately wounded.
The reaper hits you with a +2 scythe of freezing!!!
* * * LOW HITPOINT WARNING * * *
The reaper freezes you.
* * * LOW HITPOINT WARNING * * *
You take 41 damage, and have 38/207 hp.
You feel much better. You block the reaper's attack.
Ahmose hits the reaper with a +0 flail.
Aiming: Corrosive Bolt
Press: ? - help, Shift-Dir - straight line, f - reaper
Aim: a reaper, wielding a +2 scythe of freezing, wearing a +0 robe of cold resistance and wearing a ring of ice (moderately wounded, ally target, 71% to hit)
The bolt of acid hits the reaper but does no damage.
The reaper is moderately wounded.
The reaper hits you with a +2 scythe of freezing!
* * * LOW HITPOINT WARNING * * *
The reaper freezes you.
* * * LOW HITPOINT WARNING * * *
Ahmose hits the reaper but does no damage.
You take 18 damage, and have 45/207 hp.
Aiming: Corrosive Bolt
Press: ? - help, Shift-Dir - straight line, f/p - reaper
Aim: a reaper, wielding a +2 scythe of freezing, wearing a +0 robe of cold resistance and wearing a ring of ice (moderately wounded, ally target, 71% to hit)
The bolt of acid hits the reaper!
The reaper is heavily wounded.
The reaper hits you with a +2 scythe of freezing!!
* * * LOW HITPOINT WARNING * * *
The reaper freezes you.
* * * LOW HITPOINT WARNING * * *
You take 31 damage, and have 14/207 hp.
Okay, then.
Unknown command.
Unknown command.
You feel better.
The reaper hits you with a +2 scythe of freezing!!
You die...

### ## :[## ##.
... ##.. ###2###
#... ###.♣R..#
#... ###......##
##..
####.....#......
##.
###..#..○.§#.°..##
##.
##.....###°°#§°###
#..
##........☼#☼#☼☼§
#..
#.......##○☼☼.§§##
##.
##.......##☼..#○§
#####
##.......#.... .
..#...#


You could see the friendly Ahmose the knight and a reaper (ally target).

Vanquished Creatures
  A two-headed ogre (D:11)
  A boulder beetle (D:9)
  Pikel (D:9)
  A cyclops (D:11)
  Joseph (D:9)
  2 ice statues (IceCv)
  A rime drake (D:13)
  2 ice devils (IceCv)
  A troll (D:12)
  Prince Ribbit (D:6)
  A spriggan (D:9)
  2 wyverns (D:9)
  A shadow (D:12)
  13 yaks
  Sigmund (D:2)
  A harpy simulacrum (IceCv)
  A hydra simulacrum (IceCv)
  A death yak simulacrum (IceCv)
  An acid dragon (D:12)
  2 water moccasins (D:8)
  A sky beast (D:8)
  7 orc warriors
  3 black bears
  2 ogres
  A lemure (D:9)
  5 centaurs
  2 kobold brigands
  A gnoll sergeant (D:12)
  Blork the orc (D:6)
  4 bullfrogs
  2 scorpions
  2 two-headed ogre simulacra (IceCv)
  A cane toad simulacrum (IceCv)
  10 wights
  12 killer bees
  An elephant simulacrum (IceCv)
  3 howler monkeys
  9 orc priests
  3 gnoll boudas (D:7)
  4 hounds
  2 jellies
  2 iguanas
  A sleepcap (D:5)
  10 orc wizards
  A polar bear simulacrum (IceCv)
  A troll simulacrum (IceCv)
  A spriggan simulacrum (IceCv)
  10 adders
  16 gnolls
  2 naga simulacra (IceCv)
  5 white imps
  4 ufetubi
  A worm (D:5)
  25 orcs
  2 bat skeletons (D:11)
  13 endoplasms
  A giant cockroach (D:3)
  10 goblins
  3 hobgoblins
  15 kobolds
  A quokka (D:2)
  3 ball pythons
  4 bats
  8 frilled lizards
  A rat (D:3)
252 creatures vanquished.

Vanquished Creatures (collateral kills)
  A two-headed ogre (D:11)
  An ugly thing (D:12)
  A gargoyle (D:10)
  A rime drake (D:13)
  2 kobold demonologists
  2 ice devils (IceCv)
  A komodo dragon (D:11)
  2 trolls
  A vampire (D:11)
  A wraith (D:11)
  8 yaks
  A harpy simulacrum (IceCv)
  A sky beast (D:8)
  3 orc warriors
  A black bear (D:11)
  2 lemures (D:9)
  A bullfrog (D:9)
  A two-headed ogre simulacrum (IceCv)
  A cane toad simulacrum (IceCv)
  6 killer bees (D:9)
  4 wights (D:8)
  An elephant simulacrum (IceCv)
  2 howler monkeys
  3 orc priests
  4 orc wizards
  3 troll simulacra (IceCv)
  2 gnolls (D:7)
  A naga simulacrum (IceCv)
  A white imp (IceCv)
  6 orcs
  A bat skeleton (D:11)
  2 bat zombies (D:11)
  A kobold (D:11)
69 creatures vanquished.

Vanquished Creatures (others)
  2 two-headed ogres (D:9)
  A queen bee (D:9)
  6 killer bees (D:9)
  5 knights
  3 ancestors
17 creatures vanquished.

Grand Total: 338 creatures vanquished

Notes
Turn   | Place    | Note
-------+----------+-------------------------------------------
     0 | D:1      | KimchiStew the Ogre Fighter began the quest for the Orb.
     0 | D:1      | Reached XP level 1. HP: 24/24 MP: 1/1
   172 | D:1      | Reached XP level 2. HP: 30/33 MP: 2/2
   494 | D:2      | Reached skill level 5 in Fighting
   515 | D:2      | Reached XP level 3. HP: 36/42 MP: 3/3
   958 | D:2      | Noticed Sigmund
   961 | D:2      | Killed Sigmund
   962 | D:2      | Reached skill level 7 in Fighting
   962 | D:2      | Reached XP level 4. HP: 51/55 MP: 4/4
   962 | D:2      | Reached XP level 5. HP: 58/62 MP: 5/5
  1438 | D:3      | Reached XP level 6. HP: 71/71 MP: 6/6
  1691 | D:3      | Found a runed translucent door.
  1691 | D:3      | Noticed Dirtsage's ghost (amateur DsMo)
  1976 | D:4      | Reached skill level 8 in Fighting
  2237 | D:4      | Reached skill level 9 in Fighting
  2237 | D:4      | Reached XP level 7. HP: 82/83 MP: 7/7
  2746 | D:5      | Entered Level 5 of the Dungeon
  2775 | D:5      | Reached skill level 10 in Fighting
  3033 | D:5      | Found a hazy altar of Hepliaklqana.
  3040 | D:5      | Reached skill level 11 in Fighting
  3087 | D:5      | Found a blossoming altar of Fedhas.
  3102 | D:5      | Became a worshipper of Hepliaklqana the Forgotten
  3156 | D:5      | Found a faded altar of an unknown god.
  3156 | D:5      | Found a broken altar of Ashenzari.
  3164 | D:5      | Found an opulent altar of Gozag.
  3166 | D:5      | Found a faded altar of an unknown god.
  3168 | D:5      | Found a glowing golden altar of the Shining One.
  3259 | D:5      | Reached XP level 8. HP: 92/97 MP: 8/8
  3289 | D:5      | Identified the +4 dagger of the Wasp {spect, Int+2 Dex+4
                  | Stlth+}
  3554 | D:5      | Reached skill level 1 in Short Blades
  3797 | D:6      | Reached skill level 12 in Fighting
  3930 | D:6      | Noticed Blork the orc
  3936 | D:6      | Killed Blork the orc
  3988 | D:6      | Found a staircase to the Ecumenical Temple.
  4152 | D:6      | Reached * piety under Hepliaklqana
  4429 | D:6      | Noticed Prince Ribbit
  4445 | D:6      | Killed Prince Ribbit
  4446 | D:6      | Reached skill level 13 in Fighting
  4571 | D:7      | Reached XP level 9. HP: 64/94 MP: 9/9
  4690 | D:6      | Reached skill level 14 in Fighting
  4901 | D:7      | Reached skill level 15 in Fighting
  5546 | D:8      | Reached skill level 16 in Fighting
  5638 | D:8      | Reached ** piety under Hepliaklqana
  5639 | D:8      | Remembered your ancestor Ahmose as a knight
  5731 | D:8      | Reached skill level 17 in Fighting
  5731 | D:8      | Reached XP level 10. HP: 65/117 MP: 10/10
  6294 | D:9      | Noticed a two-headed ogre
  6294 | D:9      | Noticed a two-headed ogre
  6317 | D:9      | Reached skill level 18 in Fighting
  6354 | D:9      | Found the +12 pair of quick blades "Gyre" and "Gimble"
                  | {protect}
  6634 | D:9      | Found a staircase to the Orcish Mines.
  6634 | D:9      | Noticed Pikel
  6645 | D:9      | Killed Pikel
  6960 | D:9      | Reached skill level 19 in Fighting
  7037 | D:9      | Reached skill level 1 in Maces & Flails
  7276 | D:9      | Noticed a boulder beetle
  7300 | D:9      | Killed a boulder beetle
  7301 | D:9      | Reached skill level 5 in Maces & Flails
  7301 | D:9      | Reached XP level 11. HP: 129/129 MP: 11/11
  7438 | D:8      | HP: 5/129 [poisoned by a killer bee]
  7443 | D:8      | HP: 5/129 [poisoned by a killer bee]
  7841 | D:9      | Noticed Joseph
  7855 | D:9      | Killed Joseph
  8676 | D:10     | Entered Level 10 of the Dungeon
  8685 | D:10     | Found a runed translucent door.
  8708 | D:10     | Found a runed translucent door.
  8755 | D:10     | Reached skill level 5 in Shields
  8861 | D:10     | Reached *** piety under Hepliaklqana
  8900 | D:10     | Found a runed translucent door.
  9048 | D:10     | Found a runed translucent door.
  9684 | D:11     | Noticed a two-headed ogre
  9698 | D:11     | Killed a two-headed ogre
  9699 | D:11     | Reached XP level 12. HP: 123/138 MP: 12/12
  9721 | D:11     | Found Puanoi's Distillery.
  9725 | D:11     | Bought a potion of degeneration for 16 gold pieces
  9888 | D:11     | Noticed a two-headed ogre
  9895 | D:11     | Killed a two-headed ogre
 10145 | D:11     | Found a runed translucent gate.
 10145 | D:11     | Noticed an 11-headed hydra
 10145 | D:11     | Noticed Wavotuych's ghost (journeyman NaEE)
 10162 | D:11     | Found a runed translucent gate.
 10163 | D:11     | Found a runed translucent gate.
 10165 | D:11     | Noticed a ten-headed hydra
 10212 | D:11     | Reached **** piety under Hepliaklqana
 10377 | D:11     | Found a staircase to the Lair.
 10595 | D:11     | Found an ancient bone altar of Kikubaaqudgha.
 11182 | D:12     | Found a runed translucent door.
 11242 | D:12     | Identified the +1 robe of the Shouting Gods {Str-3 Int+6}
 11846 | D:12     | Noticed a +0 vampiric demon whip
 11882 | D:13     | Found Ruly's Weapon Boutique.
 11894 | D:13     | Bought 3 curare-tipped darts for 43 gold pieces
 11951 | D:13     | Found a frozen archway.
 11958 | IceCv    | Entered an ice cave
 12011 | IceCv    | Reached skill level 1 in Invocations
 12608 | IceCv    | Reached skill level 10 in Shields
 12647 | IceCv    | Noticed a reaper
 12662 | IceCv    | Mangled by a reaper

Illustrated notes

Levels and vault maps discovered:
D:1:      minmay_arrival_stone_box, layout_rooms
D:2:      layout_basic, serial_glass, glass_columns_a, glass_columns_b,
          uniq_sigmund
D:3:      layout_basic, gammafunk_ghost_grave
D:4:      layout_loops_ring, hangedman_decor_opposing
D:5:      layout_basic, chequers_temple_overflow_minitemple,
          mainiacjoe_overflow_large_starburst, st_stairs_9
D:6:      layout_loops_ring, temple_statues, uniq_blork_the_orc,
          uniq_prince_ribbit1
D:7:      layout_cave_pools
D:8:      layout_basic, grunt_ministairs_15, dreamdust_princess_corridor
D:9:      layout_roguey [special_room_bee], minmay_orc_entry_temple_large,
          hellmonk_guarded_unrand_gyre_and_gimble, uniq_pikel, uniq_joseph
D:10:     layout_rooms, minmay_statue_crystal_thing
D:11:     layout_stronghold, grunt_lair_entry_orc_guard_hut,
          gammafunk_ghost_hydra_chop, serial_shops, shop,
          kennysheep_vampire_church
D:12:     layout_basic, nicolae_danse_macabre
D:13:     layout_irregular_city, serial_shops, nicolae_shop_gibbet_a_chance,
          nicolae_shop_mannequins, portal_ice_cave_rime,
          nicolae_qazlal_scattered_showers, uniq_snorg, uniq_erolcha,
          uniq_rupert, uniq_sonja
IceCv:    ice_cave_small_demon

Skill      XL: |  1  2  3  4  5  6  7  8  9 10 11 12 |
---------------+-------------------------------------+-----
Fighting       | 5 7 9 11 13 17 19 | 19.0
Polearms       | 3 4 |  4.0
Short Blades   | 2 |  2.0
Maces & Flails | 5 7 8 |  8.7
Shields        | 7 10 | 10.0
Invocations    | 2 |  2.8
Dodging        | |  2.6

Action                     |  1- 3 |  4- 6 |  7- 9 | 10-12 || total
---------------------------+-------+-------+-------+-------++-------
  Melee: Trident           |    76 |   110 |   222 |    97 ||   505
         Dagger            |       |       |   118 |       ||   118
         Whip              |       |       |       |    42 ||    42
         Morningstar       |       |       |       |   206 ||   206
         Flail             |       |       |       |   233 ||   233
  Throw: Javelin           |       |     3 |    17 |       ||    20
         Dart              |       |     2 |     5 |    11 ||    18
 Invoke: Recall Ancestor   |       |       |     2 |    12 ||    14
         Ancestor Life: Kn |       |       |     1 |       ||     1
         Transference      |       |       |       |     1 ||     1
  Evoke: Wand              |       |       |     1 |    22 ||    23
    Use: Potion            |     1 |       |     3 |    11 ||    15
         Scroll            |       |       |     4 |    18 ||    22
   Stab: Distracted        |       |       |     4 |     4 ||     8
         Sleeping          |       |       |     3 |       ||     3
 Armour: Robe              |     8 |    28 |    62 |   132 ||   230
         Troll leather arm |       |       |       |    48 ||    48
         Skin              |       |       |       |     9 ||     9
  Dodge: Dodged            |    18 |    27 |   102 |   228 ||   375
  Block: Kite shield       |    21 |    26 |   134 |   332 ||   513

Table legend: (Time is in decaauts)
 A = Elapsed time spent in this place.
 B = Non-inter-level travel time spent in this place.
 C = Inter-level travel time spent in this place.
 D = Time resting spent in this place.
 E = Time spent auto-exploring this place.
 F = Levels seen in this place.
 G = Mean time per level.
                   A        B        C        D        E       F      G
               +--------+--------+--------+--------+--------+-----+--------+
         Total |  12927 |  12486 |    441 |   2940 |   5864 |  14 |  923.4 |
       Dungeon |  12216 |  11775 |    441 |   2603 |   5864 |  13 |  939.7 |
      Ice Cave |    711 |    711 |      0 |    337 |      0 |   1 |  711.0 |
               +--------+--------+--------+--------+--------+-----+--------+

Top non-repeatable levels by time:
     D:9: 2031 daAuts
    D:11: 1584 daAuts
     D:8: 1143 daAuts
     D:7: 1056 daAuts
     D:5: 1024 daAuts
     D:2: 1016 daAuts
    D:12: 973 daAuts
     D:6: 908 daAuts
     D:4: 895 daAuts
   IceCv: 711 daAuts
    D:10: 606 daAuts
     D:3: 569 daAuts
     D:1: 328 daAuts
    D:13: 77 daAuts
